AoeStats
← FERMORTE

Black Forest

506558487Analyzed
3v3 RM · 17d ago on Sep 14, 2026· 19m 50s· 6 players
Game mode
Random Map
Map size
Normal (6 player)
Population
200
Speed
Normal
Resources
Standard
Victory
Conquest
Starting age
Dark Age
Ending age
Imperial Age
RankedLock teamsTeams togetherTeam positionsShared explorationLock speedFull tech treeHidden civsTurbo modeCheats
Victory
Defeat
🇺🇸 Slavs · United States
573
+13
🇧🇷 Jurchens · Brazil
431
+19
🇲🇽 Aztecs · Mexico
412
+20
🇨🇴 Franks · Colombia
553
-19
🇺🇸 Britons · United States
528
-38
🇺🇸 Bohemians · United States
440
-15
IKE
11:31 Feudal Age
13:37 Man-at-Arms
Squilly
10:16 Feudal Age
8:35 Loom
19:48 Castle Age
estebassguitar
0:34 Loom
FERMORTE
1:03 Loom
15:21 Feudal Age
16:37 Wheelbarrow
15:58 Double-Bit Axe
16:02 Horse Collar
19:30 Town Watch
20:08 Gold Mining
Don Quintin
0:38 Loom
21:19 Feudal Age
Wortortle
6:19 Loom
12:51 Feudal Age
19:17 Castle Age
17:09 Horse Collar
17:42 Double-Bit Axe
Connection lost

Rejoining the realm…

Still unreachable

The connection could not be restored.

Session expired

The server has moved on; the page needs a fresh start.